 Dungeon Crawl Stone Soup version 0.32-a0-407-g4da7c8d6d1 (webtiles) character file.

Game seed: 7898197495985075784

137933 Goblin1989 the Warrior (level 16, 0/136 HPs)
             Began as a Demonspawn Delver on Feb 20, 2024.
             Was the Champion of Wu Jian.
             Succumbed to a naga ritualist's toxic radiance
             ... on level 4 of the Snake Pit.
             The game lasted 01:07:10 (25707 turns).

Goblin1989 the Warrior (Demonspawn Delver)         Turns: 25707, Time: 01:07:10

Health: 0/136      AC: 33    Str: 18    XL:     16   Next: 70%
Magic:  16/16      EV: 13    Int: 17    God:    Wu Jian [******]
Gold:   841        SH: 17    Dex: 22    Spells: 15/15 levels left

rFire   . . .        a - +6 rapier "Ciuwkois" {freeze, rCorr Str+2}
rCold   . . .        P - +1 buckler
rNeg    . . .        Y - +2 plate armour {rPois}
rPois   .            w - +0 helmet
rElec   +            K - +2 cloak
rCorr   +            s - +0 pair of gloves
SInv    .            (no boots)
Will    ++...        Z - amulet of regeneration Stlth
                     S - ring of Hatam {rElec rPois Str+3 Int+6}
HPRegen 1.22/turn    N - ring of willpower
MPRegen 0.15/turn

%: no passive effects
@: lethally poisoned (0 -> -34), poison vulnerable
A: hooves 2, large bone plates 2, icemail 2, spiny 2, condensation shield
a: Renounce Religion, Wall Jump, Serpent's Lash, Heavenly Storm


You were on level 4 of the Snake Pit.
You worshipped Wu Jian.
Wu Jian was exalted by your worship.
You visited 5 branches of the dungeon, and saw 25 of its levels.
You also visited: Volcano.

You collected 2315 gold pieces.
You spent 1474 gold pieces at shops.

Inventory:

Hand Weapons
 a - the +6 rapier "Ciuwkois" (weapon) {freeze, rCorr Str+2}
   (You bought it in a shop on level 1 of the Orcish Mines)

   Str+2:     It affects your strength (+2).
   rCorr:     It protects you from acid and corrosion.
 b - the +5 rapier of the Tundras {elec, Str+2 Int+5}
   (You bought it in a shop on level 2 of the Orcish Mines)

   Str+2:     It affects your strength (+2).
   Int+5:     It affects your intelligence (+5).
 r - a +1 dagger of distortion {!w}
 G - a +1 dagger of chaos
 W - a +0 rapier
Missiles
 C - 9 curare-tipped darts
 E - 2 throwing nets {!d , @Q1}
 F - 19 boomerangs (quivered) {@Q3}
Armour
 n - a +3 chain mail of fire resistance
 s - a +0 pair of gloves (worn)
 w - a +0 helmet (worn)
 K - a +2 cloak (worn)
 P - a +1 buckler (worn)
 Y - a +2 plate armour of poison resistance (worn)
Jewellery
 h - a ring of flight
 m - a ring of protection from fire
 p - a ring of ice
 N - a ring of willpower (right hand)
 R - a ring of willpower
 S - the ring of Hatam (left hand) {rElec rPois Str+3 Int+6}
   (You bought it in a shop on level 2 of the Orcish Mines)

   [ring of intelligence]

   Str+3:     It affects your strength (+3).
   Int+6:     It affects your intelligence (+6).
   rElec:     It insulates you from electricity.
   rPois:     It protects you from poison
 Z - an amulet of regeneration (around neck)
Wands
 g - a wand of digging (18) {@v3}
 I - a wand of paralysis (2) {@v2}
 L - a wand of roots (8)
 V - a wand of polymorph (5)
Scrolls
 c - a scroll of fog
 d - 2 scrolls of revelation
 e - 7 scrolls of fear
 t - 3 scrolls of silence
 u - 10 scrolls of teleportation {!r, @r2}
 x - 5 scrolls of noise
 y - a scroll of butterflies
 A - 2 scrolls of enchant armour
 D - 4 scrolls of poison
 M - 4 scrolls of vulnerability
 O - 4 scrolls of immolation
 Q - 2 scrolls of enchant weapon
 T - a scroll of blinking
 X - 7 scrolls of identify {@r1}
Potions
 f - 2 potions of haste {@q3,}
 i - 3 potions of heal wounds {@q2}
 j - 3 potions of invisibility
 k - 7 potions of mutation {!q}
 l - 4 potions of enlightenment
 o - 2 potions of cancellation
 q - a potion of resistance {@q5}
 v - 10 potions of ambrosia
 z - 6 potions of lignification
 B - 3 potions of berserk rage
 H - 3 potions of attraction
 J - 5 potions of curing {@q1}
 U - 3 potions of might {@q4}


   Skills:
 + Level 15.5 Fighting
 - Level 14.0 Short Blades
 - Level 0.2 Ranged Weapons
 - Level 2.0 Throwing
 + Level 13.9 Armour
 + Level 14.0 Dodging
 - Level 7.0 Stealth
 - Level 4.0 Shields


You had 15 spell levels left.
You didn't know any spells.
Your spell library contained the following spells:

 Spells                   Type           Power      Damage    Failure   Level
 Magic Dart               Conj           0%         1d3       99%         1
 Slow                     Hex            0%         N/A       99%         1
 Summon Small Mammal      Summ           0%         N/A       99%         1
 Blink                    Tloc           0%         N/A       100%        2
 Call Imp                 Summ           0%         N/A       100%        2
 Lesser Beckoning         Tloc           0%         N/A       100%        2
 Momentum Strike          Conj/Tloc      0%         3d8       100%        2
 Sublimation of Blood     Necr           0%         N/A       100%        2
 Call Canine Familiar     Summ           0%         N/A       100%        3
 Confusing Touch          Hex            0%         N/A       100%        3
 Sigil of Binding         Hex            0%         N/A       100%        3
 Tukima's Dance           Hex            0%         N/A       100%        3
 Vampiric Draining        Necr           0%         2d6       100%        3
 Volatile Blastmotes      Fire/Tloc      0%         2d10      100%        3
 Dimensional Bullseye     Hex/Tloc       0%         N/A       100%        4
 Fulminant Prism          Conj/Alch      0%         3d5       100%        4
 Iskenderun's Mystic Bla  Conj/Tloc      0%         2d3       100%        4
 Summon Blazeheart Golem  Fire/Summ      0%         N/A       100%        4
 Vhi's Electric Charge    Tloc/Air       0%         N/A       100%        4
 Iskenderun's Battlesphe  Conj           0%         2d6       100%        5
 Bombard                  Conj/Erth      0%         9d1       100%        6
 Spellforged Servitor     Conj/Summ      0%         N/A       100%        7
 Summon Hydra             Summ           0%         N/A       100%        7
 Disjunction              Tloc           0%         N/A       100%        8


Dungeon Overview and Level Annotations

Branches:
Dungeon (13/15) Zot: 25858  Temple (1/1) D:5 Zot: 5981    Lair (5/5) D:9 Zot: 24844
 Shoals (0/4) Lair:3        Snake (4/4) Lair:2 Zot: 20436   Slime (0/5) Lair:5
    Orc (2/2) D:10 Zot: 9843     Elf (0/3) Orc:2        Vaults (0/5) D:13
Volcano (visited)

Altars:
Ashenzari
Cheibriados
Dithmenos
Fedhas
Gozag
Hepliaklqana
Kikubaaqudgha
Makhleb
Nemelex Xobeh
Okawaru
Qazlal
Ru
Sif Muna
Trog
Uskayaw
Vehumet
Wu Jian
Xom
Yredelemnul
Beogh
Jiyva

Shops:
D:4 (   D:9 *   D:10 [!   D:11 [   Orc:1 (   Orc:2 *![(   Snake:2 (

Annotations:
D:2 Sigmund
D:3 exclusion: ice beast
D:6 1 runed translucent door, Nebesus's ghost, novice AtFi
Lair:1 3 runed translucent doors
Lair:2 2 transporters
Lair:3 exclusion: oklob plant
Lair:5 2 runed translucent doors


Innate Abilities, Weirdness & Mutations

You have hoof-like feet.
You are mostly covered in large bone plates. (SH +6)
A meltable icy envelope protects you from harm. (AC +8)
You are mostly covered in sharp spines.
A meltable shield of frost defends you. (SH +4)


Message History

You puncture the black mamba! You freeze the black mamba.
You kill the black mamba!
The Council accepts your kill.
You feel very sick. You block the naga warrior's attack.
You block the naga's attack.
The naga ritualist is struck by your spines.
The naga ritualist closely misses you.
You hit the naga ritualist. You freeze the naga ritualist.
The naga ritualist is moderately wounded.
You feel very sick.
You are more poisoned.
The naga ritualist's toxic aura wanes.
A black mamba comes into view.
The black mamba hisses angrily.
You hit the naga ritualist. You freeze the naga ritualist.
You kick the naga ritualist, but do no damage.
The naga ritualist is moderately wounded.
You feel very sick. The naga ritualist closely misses you.
You block the naga warrior's attack.
The naga hits you from afar with a +0 glaive!!
You are too injured to fight recklessly!
You are too injured to fight recklessly!
You take 66 damage, and have 70/136 hp.
MASSIVE DAMAGE!!
You are too injured to fight recklessly!
You are too injured to fight recklessly!
You are too injured to fight recklessly!
You are too injured to fight recklessly!
You are too injured to fight recklessly!
You are too injured to fight recklessly!
You are too injured to fight recklessly!
You are too injured to fight recklessly!
You are too injured to fight recklessly!
You are too injured to fight recklessly!
You are too injured to fight recklessly!
You are too injured to fight recklessly!
You are too injured to fight recklessly!
You are too injured to fight recklessly!
You are too injured to fight recklessly!
You are too injured to fight recklessly!
You are too injured to fight recklessly!
You are too injured to fight recklessly!
You are too injured to fight recklessly!
You are too injured to fight recklessly!
You are too injured to fight recklessly!
You spin and attack the naga ritualist repeatedly.
You puncture the naga ritualist! You freeze the naga ritualist.
Your kick misses the naga ritualist.
The naga ritualist is heavily wounded.
You puncture the naga ritualist! You freeze the naga ritualist.
Your kick misses the naga ritualist.
The naga ritualist is severely wounded.
You feel extremely sick.
The naga ritualist no longer looks unusually strong.
The naga closely misses you.
You take 6 damage, and have 64/136 hp.
You feel very sick.
You take 4 damage, and have 60/136 hp.
You feel very sick.
There is a large open door here.
You take 3 damage, and have 57/136 hp.
You feel very sick. The naga warrior spits poison at you.
The splash of poison hits you but does no damage.
You are more poisoned.
The naga ritualist utters an invocation to its god.
The naga ritualist begins to radiate toxic energy.
* * * LOW HITPOINT WARNING * * *
You are more poisoned.
You take 4 damage, and have 53/136 hp.
You feel extremely sick.
* * * LOW HITPOINT WARNING * * *
You are more poisoned.
The black mamba misses you.
You take 10 damage, and have 43/136 hp.
You feel extremely sick.
* * * LOW HITPOINT WARNING * * *
You are more poisoned.
The black mamba attacks as it pursues you!
The black mamba is struck by your spines.
The black mamba barely misses you. You block the black mamba's attack.
You take 10 damage, and have 33/136 hp.
You feel very sick.
* * * LOW HITPOINT WARNING * * *
You are more poisoned.
The black mamba is struck by your spines.
The black mamba bites you!
* * * LOW HITPOINT WARNING * * *
You are more poisoned.
The black mamba poisons you!
You take 15 damage, and have 18/136 hp.
You puncture the black mamba!
The black mamba seems to slow down.
You freeze the black mamba.
You kill the black mamba!
The Council accepts your kill.
* * * LOW HITPOINT WARNING * * *
You feel very sick.
* * * LOW HITPOINT WARNING * * *
You are more poisoned.
The naga no longer looks unusually strong.
You take 10 damage, and have 8/136 hp.
You die...

█).█ █.......█.██
██).█ █.......∆..█
█.NN█ █.......∆..█
██∆N██ █)......∆..██
█....███.......∆...█
█.....██.......█...█
█..†...█.......█...█
█......█.......█...█
█..@...▲.......█.<.█
██.....█.......█...█
██∆████|......█...█
██...███.......█...█
█.....██.......█)..█
█......█.......█))██
█..............█)<█
█............^.█).█
█..............▲).█


You could see a naga warrior, a naga ritualist (toxic aura) and a naga.

Vanquished Creatures
  A nagaraja (Snake:3)
  An orc warlord (Orc:1)
  A vault guard (D:13)
  Erolcha (D:10)
  5 hydras (Lair:5)
  Fannar (Orc:1)
  A catoblepas (Lair:3)
  Erica (D:11)
  A centaur warrior (D:13)
  9 anacondas
  A boulder beetle (D:13)
  A dancing weapon (D:13)
  4 two-headed ogres
  5 naga warriors
  3 death yaks (Lair:4)
  A hell hog (Volcano)
  5 orc high priests (Orc:2)
  4 shock serpents
  Nergalle (D:11)
  8 naga sharpshooters
  3 skysharks
  5 skeletal warriors
  3 sea snakes (Snake:1)
  3 salamander mystics
  Lodul (D:12)
  A lindwurm (Lair:5)
  16 mana vipers
  4 naga ritualists
  A deep elf pyromancer (D:13)
  An ugly thing (D:13)
  10 orc knights
  5 cyclopes
  An orc sorcerer (Orc:1)
  17 salamanders
  2 manticores
  16 elephants
  6 meliai
  10 naga magi
  3 guardian serpents (Snake:2)
  52 black mambas
  3 kobold blastminers
  2 molten gargoyles (Lair:5)
  3 unseen horrors
  5 rime drakes
  7 komodo dragons
  3 kobold demonologists
  7 cane toads
  Psyche (D:12)
  2 polar bears (Lair:3)
  3 trolls
  A queen bee (D:12)
  18 blink frogs
  A dream sheep (Lair:4)
  3 slime creatures (D:12)
  7 basilisks
  2 shadows
  2 wraiths (D:12)
  6 wyverns
  A vampire (D:9)
  38 yaks
  A warg (Orc:2)
  A fire bat (Volcano)
  A redback (shapeshifter) (D:13)
  5 steam dragons
  2 vampire mosquitoes (D:11)
  Edmund (D:3)
  33 nagas
  2 acid dragons (D:11)
  20 water moccasins
  6 hell hounds
  43 orc warriors
  4 ice beasts
  A hornet zombie (D:7)
  12 wolves
  14 ogres
  16 centaurs
  3 weeping skulls (D:7)
  9 kobold brigands
  3 phantoms
  7 bullfrogs
  Blork the orc (D:4)
  A brain worm (shapeshifter) (D:9)
  4 scorpions
  27 wights
  18 killer bees
  3 electric eels
  9 howler monkeys
  3 crimson imps (D:5)
  4 lava snakes (Lair:5)
  A bombardier beetle (D:3)
  A bullfrog zombie (D:7)
  A hound (D:4)
  30 orc priests
  A human zombie (D:7)
  A gnoll bouda (Lair:4)
  2 jellies (D:8)
  3 scorpion zombies (D:4)
  16 orc wizards
  A sleepcap (D:6)
  2 iguanas (D:6)
  2 killer bee zombies (D:7)
  2 hound zombies (D:4)
  3 hound skeletons (D:4)
  A howler monkey zombie (D:7)
  4 gnolls (D:7)
  7 adders
  3 shadow imps
  3 white imps (D:6)
  3 dart slugs
  71 orcs
  9 ball pythons
  4 bats
  4 endoplasms
  3 giant cockroaches
  4 goblins
  8 hobgoblins
  7 jackals (D:5)
  6 quokkas
  3 training dummies (D:4)
  2 frilled lizards
  18 kobolds
810 creatures vanquished.

Vanquished Creatures (others)
  A white imp (D:7)
  3 orcs (D:7)
4 creatures vanquished.

Grand Total: 814 creatures vanquished

Notes
Turn   | Place    | Note
-------+----------+-------------------------------------------
     0 | D:5      | Goblin1989 the Demonspawn Delver began the quest for the
                  | Orb.
     0 | D:5      | Reached XP level 1. HP: 18/18 MP: 1/1
    11 | D:5      | Found a staircase to the Ecumenical Temple.
    20 | Temple   | Entered the Ecumenical Temple
    29 | Temple   | Became a worshipper of the Wu Jian Council
   232 | D:3      | Found an opulent altar of Gozag.
   290 | D:3      | Gained mutation: You have large cloven feet. [demonic
                  | ancestry]
   290 | D:3      | Reached XP level 2. HP: 18/24 MP: 2/2
   405 | D:1      | Reached skill level 5 in Stealth
   740 | D:1      | Reached XP level 3. HP: 29/29 MP: 3/3
   830 | D:1      | Reached * piety under Wu Jian
  1178 | D:2      | Noticed Sigmund
  1448 | D:2      | Reached XP level 4. HP: 25/35 MP: 4/4
  1498 | D:2      | Found a hazy altar of Hepliaklqana.
  2011 | D:3      | Found a sparkling altar of Nemelex Xobeh.
  2108 | D:3      | Reached skill level 1 in Armour
  2108 | D:3      | Gained mutation: A meltable shield of frost defends you.
                  | (SH +4) [demonic ancestry]
  2108 | D:3      | Reached XP level 5. HP: 41/41 MP: 5/5
  2141 | D:3      | Noticed an ice beast
  2414 | D:4      | Noticed a phantom
  2414 | D:4      | Noticed Edmund
  2448 | D:3      | Killed Edmund
  2449 | D:3      | Gained mutation: You are partially covered in large bone
                  | plates. (SH +4) [demonic ancestry]
  2449 | D:3      | Reached XP level 6. HP: 7/48 MP: 2/6
  2660 | D:4      | Reached skill level 4 in Fighting
  2672 | D:4      | Reached XP level 7. HP: 37/54 MP: 5/7
  3120 | D:4      | Found Ubbeid's Firing Range.
  3192 | D:4      | Noticed Blork the orc
  3203 | D:4      | Killed Blork the orc
  3645 | D:5      | Reached ** piety under Wu Jian
  3679 | D:5      | Gained mutation: A meltable icy envelope protects you from
                  | harm. (AC +8) [demonic ancestry]
  3679 | D:5      | Reached XP level 8. HP: 54/61 MP: 6/8
  3751 | D:5      | Reached skill level 5 in Short Blades
  3751 | D:5      | Reached skill level 1 in Throwing
  3892 | D:5      | Found a snail-covered altar of Cheibriados.
  4211 | D:5      | Found a shimmering altar of Xom.
  4297 | D:5      | Found a burning altar of Makhleb.
  4297 | D:5      | Noticed a blizzard demon
  4371 | D:6      | Reached skill level 5 in Fighting
  5138 | D:6      | Gained mutation: You have hoof-like feet. [demonic
                  | ancestry]
  5138 | D:6      | Reached XP level 9. HP: 68/68 MP: 9/9
  5409 | D:6      | Found a runed translucent door.
  5410 | D:6      | Noticed a troll
  5411 | D:6      | Noticed Nebesus's ghost (novice AtFi)
  5671 | D:7      | Found a broken altar of Ashenzari.
  6033 | D:7      | Found a sacrificial altar of Ru.
  6067 | D:7      | HP: 2/69 [steam dragon (6)]
  6289 | D:7      | Reached skill level 6 in Fighting
  6355 | D:7      | Reached *** piety under Wu Jian
  6484 | D:7      | Reached skill level 5 in Dodging
  6491 | D:7      | Found a basalt altar of Yredelemnul.
  6563 | D:7      | Reached skill level 1 in Shields
  6705 | D:7      | Reached skill level 5 in Armour
  6716 | D:7      | Found a hazy altar of Hepliaklqana.
  6927 | D:8      | Gained mutation: A meltable icy envelope protects you from
                  | harm. (AC +8) [demonic ancestry]
  6927 | D:8      | Reached XP level 10. HP: 77/77 MP: 10/10
  6983 | D:8      | Noticed a two-headed ogre
  6993 | D:8      | Killed a two-headed ogre
  7309 | D:8      | Reached **** piety under Wu Jian
  7534 | D:8      | Reached skill level 7 in Fighting
  7976 | D:9      | Found Catteus's Mail-Order Catalogue.
  8004 | D:9      | Found a staircase to the Lair.
  8038 | D:9      | Found a bloodstained altar of Trog.
  8767 | D:9      | Gained mutation: You are partially covered in sharp spines.
                  | [demonic ancestry]
  8767 | D:9      | Reached XP level 11. HP: 64/84 MP: 8/11
  9135 | D:10     | Entered Level 10 of the Dungeon
  9244 | D:10     | Found Fiusakko's Antique Armour Shoppe.
  9543 | D:10     | Found Eneikk's Distillery.
  9549 | D:10     | Bought a potion of heal wounds for 65 gold pieces
  9549 | D:10     | Bought a potion of degeneration for 13 gold pieces
  9549 | D:10     | Bought a potion of attraction for 39 gold pieces
  9549 | D:10     | Bought a potion of brilliance for 52 gold pieces
  9549 | D:10     | Bought a potion of might for 52 gold pieces
  9549 | D:10     | Bought a potion of mutation for 104 gold pieces
  9683 | D:10     | Found a staircase to the Orcish Mines.
  9948 | Lair:1   | Entered Level 1 of the Lair of Beasts
 10115 | Lair:1   | Found a runed translucent door.
 10117 | Lair:1   | Found a large runed translucent door.
 10117 | Lair:1   | Found a large runed translucent door.
 10390 | Lair:1   | Reached ***** piety under Wu Jian
 10429 | Lair:1   | Reached skill level 8 in Fighting
 10450 | Lair:1   | Reached skill level 10 in Short Blades
 10874 | Lair:2   | Found a staircase to the Snake Pit.
 11038 | Lair:2   | Found a transporter.
 11039 | Lair:2   | Found a dark tunnel.
 11048 | Volcano  | Entered a volcano
 11143 | Volcano  | Noticed a hell hog
 11156 | Volcano  | Killed a hell hog
 11198 | Volcano  | Noticed a two-headed ogre
 11221 | Volcano  | Killed a two-headed ogre
 11222 | Volcano  | Reached XP level 12. HP: 43/94 MP: 12/12
 11448 | Lair:2   | Reached skill level 9 in Fighting
 11662 | Lair:2   | Found a transporter.
 12180 | Lair:3   | Found a staircase to the Shoals.
 12260 | Lair:3   | Found an ornate altar of the Wu Jian Council.
 12305 | Lair:3   | Noticed a catoblepas
 12337 | Lair:3   | Killed a catoblepas
 12560 | Lair:3   | Found a sacrificial altar of Ru.
 12916 | Lair:4   | Reached skill level 10 in Fighting
 13015 | Lair:4   | Reached XP level 13. HP: 95/103 MP: 13/13
 13232 | Lair:4   | Reached ****** piety under Wu Jian
 13905 | Lair:5   | Entered Level 5 of the Lair of Beasts
 14043 | Lair:5   | Found a viscous altar of Jiyva.
 14043 | Lair:5   | Found a staircase to the Slime Pits.
 14479 | Lair:5   | Reached skill level 11 in Fighting
 14722 | Lair:5   | Identified a scroll of acquirement
 14722 | Lair:5   | Acquired a +0 hand cannon of flaming
 15036 | Lair:5   | Reached XP level 14. HP: 110/113 MP: 14/14
 15062 | Lair:5   | Reached skill level 10 in Dodging
 15093 | Lair:5   | Found a large runed translucent door.
 15102 | Lair:5   | Found a large runed translucent door.
 15397 | Orc:1    | Entered Level 1 of the Orcish Mines
 15397 | Orc:1    | Noticed Erolcha
 15442 | D:10     | Killed Erolcha
 15443 | D:10     | Reached skill level 10 in Armour
 15460 | Orc:1    | Found an ornate altar of the Wu Jian Council.
 15460 | Orc:1    | Found a transporter.
 15559 | Orc:1    | Found a transporter.
 15626 | Orc:1    | Found a transporter.
 15631 | Orc:1    | Noticed Fannar
 15725 | Orc:1    | Killed Fannar
 15850 | Orc:1    | Found a transporter.
 15906 | Orc:1    | Noticed an orc warlord
 16165 | Orc:1    | Found an ornate altar of the Wu Jian Council.
 16171 | Orc:1    | Killed an orc warlord
 16208 | Orc:2    | Entered Level 2 of the Orcish Mines
 16211 | Orc:2    | Found a radiant altar of Vehumet.
 16217 | Orc:2    | Found a staircase to the Elven Halls.
 16364 | Orc:1    | Found Vaos's Antique Weapon Shop.
 16611 | Orc:1    | Bought a fine rapier for 198 gold pieces
 16611 | Orc:1    | Identified the +6 rapier "Ciuwkois" {freeze, rCorr Str+2}
                  | (You bought it in a shop on level 1 of the Orcish Mines)
 16654 | Orc:1    | Found a roughly hewn altar of Beogh.
 16748 | Orc:2    | Reached skill level 12 in Fighting
 17580 | Orc:2    | Found Agit's General Store.
 17581 | Orc:2    | Found Teuqikh's Armour Emporium.
 17581 | Orc:2    | Found Gixi's Distillery.
 17582 | Orc:2    | Found Wetu Efu's Antique Weapon Shoppe.
 17588 | Orc:2    | Bought a bloodstained rapier for 225 gold pieces
 17588 | Orc:2    | Identified the +5 rapier of the Tundras {elec, Str+2 Int+5}
                  | (You bought it in a shop on level 2 of the Orcish Mines)
 17784 | Orc:2    | Bought the ring of Hatam {rElec rPois Str+3 Int+6} for 726
                  | gold pieces
 17992 | Snake:1  | Entered Level 1 of the Snake Pit
 18187 | D:11     | Noticed Nergalle
 18224 | D:11     | Killed Nergalle
 18641 | D:11     | Noticed Erica
 18649 | D:11     | Killed Erica
 18873 | D:11     | Found Oduv Hatwado's Armour Boutique.
 19424 | D:12     | Noticed Lodul
 19463 | D:12     | Killed Lodul
 19467 | D:12     | Gained mutation: You are mostly covered in large bone
                  | plates. (SH +6) [demonic ancestry]
 19467 | D:12     | Reached XP level 15. HP: 78/122 MP: 15/15
 19563 | D:12     | Reached skill level 13 in Fighting
 19690 | D:12     | Noticed Psyche
 19699 | D:12     | Killed Psyche
 20345 | D:13     | Found a gate to the Vaults.
 20667 | D:13     | Found a shimmering blue altar of Sif Muna.
 21973 | Snake:1  | Reached skill level 14 in Fighting
 23321 | Snake:2  | Got Yqavien's Anthology of Baleful Places
 23353 | Snake:2  | Gained mutation: You are mostly covered in sharp spines.
                  | [demonic ancestry]
 23353 | Snake:2  | Reached XP level 16. HP: 134/134 MP: 16/16
 24256 | Snake:2  | Found Sessiroo's Antique Weapon Emporium.
 24647 | Snake:3  | Reached skill level 15 in Fighting
 25469 | Snake:4  | Entered Level 4 of the Snake Pit
 25707 | Snake:4  | Succumbed to a naga ritualist's toxic radiance

Illustrated notes

Levels and vault maps discovered:
D:1:      scummos_arrival_simple_crosswalls, layout_basic, kennysheep_crisscross
D:2:      layout_basic, basic_altar, uniq_sigmund
D:3:      layout_rooms, grunt_gozag_breadcrumbs,
          amethyst_overflow_temple_binary, minmay_misc_feat_five
D:4:      layout_basic, serial_undead, serial_undead_d, serial_undead_f,
          serial_undead_a, serial_undead_b, nicolae_shop_firing_range,
          uniq_edmund, uniq_blork_the_orc
D:5:      layout_rooms, led_xom_imps, makhleb_altar_promises_db,
          kennysheep_slug_shrine, minmay_temple_entry_waves
D:6:      layout_loops_corners, ebering_ghost_inner_flame
D:7:      layout_basic, nicolae_ru_awakened_eye,
          lemuel_mausoleum_altar_yredelemnul,
          mainiacjoe_overflow_small_starburst, nzn_hepliaklqana_mist_gate,
          kennysheep_windowed_goal
D:8:      layout_loops_ring, amcnicky_mini_corridor_feature
D:9:      wad_river_or_something, layout_basic, trog_three_pillars_becter,
          lair_entry_dummy, monkooky_shop_mail_order
D:10:     layout_cave_pods, orc_0_dummy, serial_shops, shop,
          kennysheep_little_box
D:11:     layout_basic, serial_shops, shop, uniq_nergalle, uniq_erica
D:12:     layout_basic, minivault_7, uniq_lodul, uniq_psyche
D:13:     layout_irregular_city, erik_vaults_1, nicolae_sif_muna_condensation
Temple:   nicolae_temple_ecumenical_triangle
Lair:1:   layout_gridlike, grunt_forest_large_clearings, lemuel_fruit_fields,
          serial_bayou_shore_a
Lair:2:   gammafunk_worm_tunnel, layout_regular_city,
          minmay_snake_entry_six_corridors, enter_volcano_2
Lair:3:   layout_cave_shapes, elwin_shoals_entry_rocks, basic_altar,
          lemuel_oklob_altar
Lair:4:   layout_hall_layers, dreamdust_gnoll_shepherd, grunt_megastairs_4,
          lemuel_fruit_tree, infiniplex_staircase_pool_2
Lair:5:   cheibrodos_lair_end_hotspot, layout_long_grid, slime_entry_1
Snake:1:  layout_layer_cave, serial_bayou_ford_a, evilmike_ambush
          [evilmike_ambush_outer_basic, evilmike_ambush_inner_pond]
Snake:2:  layout_onion, serial_shops, shop, grunt_ministairs_11
Snake:3:  layout_misc_corridors, grunt_megastairs_2
Snake:4:  grunt_snake_rune_pools, layout_gridlike, st_stairs_3,
          nrook_guardian_serpent_double, uniq_louise
Orc:1:    dreamdust_wu_jian_sword_trials, layout_caves, serial_shops, shop,
          mines2_david, uniq_fannar, uniq_erolcha
Orc:2:    st_orc_pillars, layout_caves, basic_altar

Skill      XL: |  1  2  3  4  5  6  7  8  9 10 11 12 13 14 15 16 |
---------------+-------------------------------------------------+-----
Stealth        | 5 6 7 |  7.0
Short Blades   | 2 3 4 6 7 9 10 12 13 14 | 14.0
Dodging        | 2 3 4 5 6 7 8 9 11 13 14 | 14.0
Armour         | 1 2 3 5 6 7 8 9 11 12 13 | 13.9
Fighting       | 4 5 6 7 8 10 11 12 14 15 | 15.5
Throwing       | 2 |  2.0
Shields        | 1 3 4 |  4.0
Ranged Weapons | |  0.2

Action                     |  1- 3 |  4- 6 |  7- 9 | 10-12 | 13-15 | 16-18 || total
---------------------------+-------+-------+-------+-------+-------+-------++-------
  Melee: Short sword       |   107 |    34 |    71 |   943 |  1140 |       ||  2295
         Kick              |    20 |    33 |   201 |   344 |   999 |   214 ||  1811
         Dagger            |       |    66 |   451 |       |       |       ||   517
         Rapier            |       |       |       |       |  1136 |   505 ||  1641
   Fire: Hand cannon       |       |       |       |       |     4 |       ||     4
  Throw: Dart              |       |       |       |     1 |     4 |       ||     5
         Boomerang         |       |       |       |       |     7 |       ||     7
 Invoke: Heavenly Storm    |       |       |       |       |     2 |       ||     2
         Serpent's Lash    |       |       |       |       |     1 |     1 ||     2
Ability: Lunge             |    10 |     5 |    35 |    37 |    83 |    20 ||   190
         Whirlwind         |       |     2 |     7 |    13 |   134 |     5 ||   161
  Evoke: Wand              |       |       |       |       |     1 |       ||     1
    Use: Scroll            |       |       |       |    15 |     4 |       ||    19
         Potion            |       |       |       |     1 |     6 |       ||     7
   Stab: Sleeping          |     8 |     5 |    22 |     8 |       |       ||    43
         Distracted        |       |     1 |       |       |       |       ||     1
         Invisible         |       |       |       |       |     2 |       ||     2
 Armour: Leather armour    |    21 |       |       |       |       |       ||    21
         Skin              |     5 |       |       |       |       |       ||     5
         Ring mail         |    23 |    54 |   169 |    91 |       |       ||   337
         Plate armour      |       |       |       |   251 |   908 |   174 ||  1333
         Chain mail        |       |       |       |    31 |       |       ||    31
  Dodge: Dodged            |    49 |    40 |   132 |   292 |   535 |    95 ||  1143
  Block: Other             |       |    15 |    73 |       |       |       ||    88
         Buckler           |       |       |    33 |   459 |  1108 |   229 ||  1829

Table legend: (Time is in decaauts)
 A = Elapsed time spent in this place.
 B = Non-inter-level travel time spent in this place.
 C = Inter-level travel time spent in this place.
 D = Time resting spent in this place.
 E = Time spent auto-exploring this place.
 F = Levels seen in this place.
 G = Mean time per level.
                   A        B        C        D        E       F      G
               +--------+--------+--------+--------+--------+-----+--------+
         Total |  24167 |  22612 |   1555 |   1864 |  15279 |  26 |  929.5 |
       Dungeon |  12911 |  12079 |    832 |    835 |   8562 |  13 |  993.2 |
        Temple |     18 |     10 |      8 |      0 |      0 |   1 |   18.0 |
          Lair |   5156 |   4733 |    423 |    574 |   2951 |   5 | 1031.2 |
     Snake Pit |   3563 |   3517 |     46 |    122 |   2652 |   4 |  890.8 |
  Orcish Mines |   2156 |   1912 |    244 |    311 |    913 |   2 | 1078.0 |
       Volcano |    361 |    361 |      0 |     22 |    199 |   1 |  361.0 |
               +--------+--------+--------+--------+--------+-----+--------+

Top non-repeatable levels by time:
     D:6: 1501 daAuts
  Lair:2: 1490 daAuts
 Snake:1: 1346 daAuts
   Orc:2: 1300 daAuts
     D:9: 1268 daAuts
  Lair:5: 1208 daAuts
 Snake:2: 1204 daAuts
  Lair:4: 1132 daAuts
     D:8: 1116 daAuts
     D:4: 1106 daAuts
    D:10: 1035 daAuts
    D:11: 1021 daAuts
    D:13: 962 daAuts
     D:2: 923 daAuts
    D:12: 884 daAuts
